 Dungeon Crawl Stone Soup version 0.20-a0-390-g4892b34 (webtiles) character file.

7273 siimphh the Cleaver (level 10, -1/88 HPs)
             Began as a Minotaur Fighter on Dec 30, 2016.
             Was a High Priest of Okawaru.
             Slain by a naga warrior
             ... wielding a +0 war axe
              (4 damage)
             ... on level 1 of the Snake Pit.
             The game lasted 00:49:19 (7003 turns).

siimphh the Cleaver (Minotaur Fighter)              Turns: 7003, Time: 00:49:20

Health: -1/88      AC:  9    Str: 23    XL:     10   Next: 89%
Magic:  9/9        EV: 10    Int:  9    God:    Okawaru [*****.]
Gold:   609        SH:  0    Dex: 11    Spells: 9/9 levels left

rFire  x . .     SeeInvis .     C - +4 war axe
rCold  + . .     Gourm    .     N - +2 leather armour "Xill" {+Inv rN+ Int+4}
rNeg   + . .     Faith    .     (no shield)
rPois  .         Spirit   .     (helmet restricted)
rElec  +         Reflect  .     V - +0 cloak
rCorr  .         Harm     .     l - +0 pair of gloves
MR     .....                    (no boots)
Stlth  +.........               B - amulet of regeneration
                                (no ring)
                                u - ring of ice

@: lethally poisoned (-1 -> -2), constricted
A: retaliatory headbutt, horns 2, mutation resistance 1, electricity resistance
a: Heroism, Finesse, Renounce Religion, Evoke Invisibility


You were on level 1 of the Snake Pit.
You worshipped Okawaru.
Okawaru was extremely pleased with you.
You were not hungry.

You visited 4 branches of the dungeon, and saw 12 of its levels.

You collected 609 gold pieces.

Inventory:

Hand Weapons
 g - a +2 whip of freezing
 C - a +4 war axe (weapon)
 K - a +0 flail of protection
 L - a +1 vampiric glaive
 O - a +2 short sword of draining
 P - a +5 long sword of freezing
 R - a +1 shortbow of velocity
 T - the +0 whip of Asmap {holy, rC+}
   (You found it on level 7 of the Dungeon)

   It has been blessed by the Shining One to cause great damage to the undead
   and demons.
   It protects you from cold.
 Z - a +0 whip of venom
Missiles
 a - 6 steel tomahawks
 e - 78 bolts
 A - 202 arrows
 E - 4 poisoned javelins (quivered)
Armour
 l - a +0 pair of gloves (worn)
 z - a +0 chain mail
 N - the +2 leather armour "Xill" (worn) {+Inv rN+ Int+4}
   (You found it on level 1 of the Lair of Beasts)

   It affects your intelligence (+4).
   It protects you from negative energy.
   It lets you turn invisible.
 V - a +0 cloak (worn)
 W - a +2 shield
Jewellery
 u - a ring of ice (left hand)
 B - an amulet of regeneration (around neck)
Wands
 d - a wand of flame (29/48)
 f - a wand of confusion (23/48)
 s - a wand of iceblast (4/15)
 y - a wand of random effects (21/48)
 S - a wand of polymorph (10/24)
 U - a wand of random effects (15/48)
 X - a wand of disintegration (14/24)
Scrolls
 i - 2 scrolls of blinking
 j - a scroll of identify
 m - a scroll of magic mapping
 x - 4 scrolls of amnesia
 D - a scroll of teleportation
 H - 2 scrolls of enchant weapon
 M - a scroll of immolation
 Q - a scroll of fear
 Y - a scroll of remove curse
Potions
 b - a potion of heal wounds
 c - a potion of lignification
 k - a potion of ambrosia {unknown}
 n - a potion of resistance {unknown}
 o - a potion of cure mutation {unknown}
 p - 2 potions of haste
 q - a potion of berserk rage {unknown}
 w - 5 potions of brilliance
 F - a potion of magic {unknown}
 I - a potion of flight {unknown}
Comestibles
 h - 8 fruits
 r - a meat ration
 t - 4 beef jerkies


   Skills:
 + Level 7.9 Fighting
 + Level 6.7 Long Blades
 + Level 11.3 Axes
 + Level 0.4 Bows
 + Level 2.2 Throwing
 + Level 9.2 Armour
 + Level 4.0 Dodging
 + Level 1.5 Stealth
 + Level 9.4 Shields


You had 9 spell levels left.
You didn't know any spells.

Dungeon Overview and Level Annotations

Branches:
Dungeon (8/15)             Temple (1/1) D:4            Lair (2/6) D:8
  Snake (1/4) Lair:2
  Swamp: Lair:2-4    Shoals: Lair:2-4

Altars:
Ashenzari
Cheibriados
Dithmenos
Elyvilon
Fedhas
Gozag
Hepliaklqana
Kikubaaqudgha
Makhleb
Nemelex Xobeh
Okawaru
Qazlal
Ru
Sif Muna
Trog
Uskayaw
Vehumet
Xom
Yredelemnul
Zin
The Shining One


Innate Abilities, Weirdness & Mutations

You reflexively headbutt those who attack you in melee.
You have a pair of horns on your head.
You are somewhat resistant to further mutation.
You are resistant to electric shocks. (rElec)


Message History

The splash of poison hits you!
You are more poisoned.
The naga warrior constricts you.
You slash the naga warrior!
The naga warrior is severely wounded.
The naga warrior hits you with a war axe!
The naga warrior constricts you.
You closely miss the naga warrior.
You headbutt the naga warrior, but do no damage.
The naga warrior is severely wounded.
You feel sick.
The naga warrior hits you with a war axe!!
* * * LOW HITPOINT WARNING * * *
x2 The naga warrior constricts you.
The naga warrior blocks your attack.
You headbutt the naga warrior, but do no damage.
The naga warrior is heavily wounded.
You feel sick.
The naga warrior hits you but does no damage.
You die...

.. .. ##.
### #..
#..
#..####.#
###......#
##....N..#
#.....@.#
#.....<.#
###......#
#......#
......###
#.##.#..
#. #.... .
...## ####


You could see a naga warrior.

Vanquished Creatures
  An unseen horror (D:8)
  Pikel (D:5)
  6 komodo dragons (Lair:1)
  3 blink frogs (Lair:1)
  2 hippogriffs
  A wyvern (Lair:1)
  A basilisk (Lair:1)
  Eustachio (D:8)
  3 nagas (Lair:2)
  A water moccasin (Lair:1)
  A porcupine (Lair:1)
  A sky beast (D:5)
  5 ogres
  3 orc warriors
  3 centaurs
  A crocodile (Lair:1)
  A big kobold (D:4)
  Blork the orc (D:8)
  4 bullfrogs
  A gnoll sergeant (D:8)
  A scorpion (D:4)
  4 killer bees (D:7)
  7 wights
  A crimson imp (D:7)
  A bullfrog zombie (D:7)
  5 iguanas
  2 orc priests
  A bullfrog skeleton (D:8)
  4 hounds
  5 orc wizards
  4 worker ants
  A hound zombie (D:8)
  2 hound skeletons
  6 adders
  2 oozes
  An adder zombie (D:7)
  An adder skeleton (D:8)
  3 worms
  A dart slug (D:2)
  6 leopard geckos
  19 orcs
  2 ball pythons
  2 giant cockroaches
  4 goblins
  7 hobgoblins
  7 jackals
  4 kobolds
  3 quokkas
  5 bats
  6 frilled lizards
  A leopard gecko zombie (D:5)
  A quokka zombie (D:5)
  12 rats
172 creatures vanquished.

Notes
Turn   | Place    | Note
-------+----------+-------------------------------------------
     0 | D:1      | siimphh the Minotaur Fighter began the quest for the Orb.
     0 | D:1      | Reached XP level 1. HP: 19/19 MP: 0/0
   105 | D:1      | Reached XP level 2. HP: 22/27 MP: 1/1
   410 | D:1      | Reached skill level 3 in Axes
   571 | D:2      | Reached XP level 3. HP: 33/33 MP: 2/2
  1010 | D:2      | Reached XP level 4. HP: 40/40 MP: 3/3
  1478 | D:3      | Noticed an ogre
  1492 | D:3      | HP: 1/40 [ogre/giant club (20)]
  1800 | D:2      | Killed an ogre
  1800 | D:2      | Reached skill level 4 in Axes
  1800 | D:2      | Reached XP level 5. HP: 46/46 MP: 4/4
  1845 | D:3      | Noticed an ogre
  2175 | D:4      | Reached skill level 1 in Dodging
  2309 | D:4      | Found a staircase to the Ecumenical Temple.
  2318 | Temple   | Entered the Ecumenical Temple
  2600 | Temple   | Became a worshipper of Warmaster Okawaru
  2735 | D:4      | Reached skill level 5 in Axes
  2735 | D:4      | Reached skill level 5 in Armour
  2735 | D:4      | Reached skill level 5 in Shields
  2735 | D:4      | Reached XP level 6. HP: 52/52 MP: 5/5
  2880 | D:4      | Found a white marble altar of Elyvilon.
  3176 | D:5      | Entered Level 5 of the Dungeon
  3192 | D:5      | Noticed a slave
  3192 | D:5      | Noticed a slave
  3193 | D:5      | Noticed a slave
  3193 | D:5      | Noticed a slave
  3215 | D:5      | Noticed Pikel
  3234 | D:5      | Killed Pikel
  3234 | D:5      | Reached * piety under Okawaru
  3234 | D:5      | Reached skill level 7 in Axes
  3234 | D:5      | Reached XP level 7. HP: 46/60 MP: 6/6
  3366 | D:5      | Reached skill level 5 in Fighting
  3562 | D:5      | Reached XP level 8. HP: 65/68 MP: 7/7
  3576 | D:5      | Reached skill level 1 in Throwing
  3766 | D:6      | Reached skill level 8 in Axes
  3766 | D:6      | Reached skill level 1 in Stealth
  3956 | D:6      | Got a crude platinum amulet
  3958 | D:6      | Identified the amulet "Rietuotu" {RegenMP rC+} (You found it on level 6 of the Dungeon)
  4063 | D:6      | Reached ** piety under Okawaru
  4128 | D:6      | Reached skill level 9 in Axes
  4462 | D:7      | Reached skill level 1 in Long Blades
  4501 | D:7      | Reached XP level 9. HP: 52/75 MP: 8/8
  4519 | D:7      | Reached *** piety under Okawaru
  4687 | D:7      | Got a crude whip
  4693 | D:7      | Identified the +0 whip of Asmap {holy, rC+} (You found it on level 7 of the Dungeon)
  5125 | D:8      | Noticed Eustachio
  5127 | D:8      | Noticed Blork the orc
  5166 | D:8      | Killed Eustachio
  5183 | D:8      | Killed Blork the orc
  5186 | D:8      | Reached skill level 10 in Axes
  5296 | D:8      | Reached **** piety under Okawaru
  5374 | D:8      | Killed an unseen horror
  5614 | D:8      | Found a staircase to the Lair.
  5618 | Lair:1   | Entered Level 1 of the Lair of Beasts
  5627 | Lair:1   | Reached XP level 10. HP: 83/84 MP: 9/9
  5713 | Lair:1   | Reached skill level 11 in Axes
  5853 | Lair:1   | Reached ***** piety under Okawaru
  6016 | Lair:1   | Got a bloodstained leather armour
  6027 | Lair:1   | Identified the +2 leather armour "Xill" {+Inv rN+ Int+4} (You found it on level 1 of the Lair of Beasts)
  6176 | Lair:1   | Reached skill level 5 in Long Blades
  6805 | Lair:1   | Gained mutation: You are resistant to electric shocks. (rElec) [potion of mutation]
  6805 | Lair:1   | Gained mutation: You are somewhat resistant to further mutation. [potion of mutation]
  6841 | Lair:2   | Received a gift from Okawaru
  6987 | Lair:2   | Found a staircase to the Snake Pit.
  6992 | Snake:1  | Entered Level 1 of the Snake Pit
  6992 | Snake:1  | Noticed a naga warrior
  7002 | Snake:1  | HP: 3/88 [naga warrior/war axe (6)]
  7003 | Snake:1  | Slain by a naga warrior

Vault maps used:
D:1:      nicolae_arrival_washed_ashore
D:2:      first_bread, minmay_cut_off
D:3:      corexii_leaking_fountain
D:4:      elyvilon_altar_5
D:5:      uniq_pikel
D:7:      statuecave_lemuel
D:8:      lair_entry_dummy, basic_altar, hangedman_little_slice_of_home,
          moated_statue, sword_in_stone
Temple:   compressed_dpeg_triangle_lava_temple
Lair:1:   beast_lair_carwin_large_3, fungi_pond_lemuel, minmay_stone_trees_small
Lair:2:   minmay_snake_entry_guardpost_medium, minmay_stone_trees_medium
Snake:1:  st_stairs_3, nicolae_snake_serpentine_hallways

Skill      XL: |  1  2  3  4  5  6  7  8  9 10 |
---------------+-------------------------------+-----
Armour         | 4 5 6 7 8 9 |  9.2
Shields        | 4 5 6 8 9 |  9.4
Axes           | 3 4 5 7 9 10 11 | 11.3
Fighting       | 4 5 6 7 |  7.9
Dodging        | 1 2 3 4 |  4.0
Throwing       | 1 2 |  2.2
Stealth        | 1 |  1.5
Long Blades    | 1 3 6 |  6.7
Bows           | |  0.4

Action                   |  1- 3 |  4- 6 |  7- 9 | 10-12 || total
-------------------------+-------+-------+-------+-------++-------
Melee: War axe           |    83 |    80 |   188 |    31 ||   382
       Headbutt          |     9 |    13 |    48 |    31 ||   101
       Long sword        |       |       |    74 |    91 ||   165
 Fire: Shortbow          |       |       |       |     7 ||     7
Throw: Javelin           |       |     4 |    10 |     9 ||    23
  Use: Potion            |       |       |     1 |     4 ||     5
       Scroll            |       |       |       |    16 ||    16
 Stab: Sleeping          |       |       |       |     1 ||     1
  Eat: Chunk             |       |     5 |     3 |       ||     8
       Bread ration      |       |     1 |     1 |     1 ||     3
Armor: Scale mail        |    42 |     8 |       |       ||    50
       Chain mail        |       |    24 |   138 |    10 ||   172
       Leather armour    |       |       |       |    16 ||    16
Dodge: Dodged            |    29 |    14 |    73 |    23 ||   139
Block: Shield            |    52 |    48 |   151 |    47 ||   298
       Rpst.: Long sword |       |       |     8 |     1 ||     9
